 Dungeon Crawl Stone Soup version 0.30.0-10-gfe55d96785 (webtiles) character file.

Game seed: 16336618904111723937

1003 Jase the Cleaver (level 8, -1/64 HPs)
             Began as a Hill Orc Fighter on May 14, 2023.
             Was an Initiate of Nemelex Xobeh.
             Slain by a black bear (8 damage)
             ... on level 5 of the Dungeon.
             The game lasted 00:09:13 (4598 turns).

Jase the Cleaver (Hill Orc Fighter)                 Turns: 4598, Time: 00:09:14

Health: -1/64      AC:  6    Str: 21    XL:     8   Next: 20%
Magic:  10/10      EV:  9    Int:  8    God:    Nemelex Xobeh [......]
Gold:   316        SH:  4    Dex: 10    Spells: 7/7 levels left

rFire   . . .        a - +0 war axe
rCold   . . .        c - +0 buckler
rNeg    . . .        b - +0 scale mail
rPois   .            (no helmet)
rElec   .            (no cloak)
rCorr   .            (no gloves)
SInv    .            (no boots)
Will    .....        s - amulet of magic regeneration Stlth
                     (no ring)
HPRegen 0.30/turn    (no ring)
MPRegen 0.52/turn

%: no passive effects
@: no status effects
A: no striking features
a: Renounce Religion, Draw Escape, Draw Destruction, Draw Summoning


You were on level 5 of the Dungeon.
You worshipped Nemelex Xobeh.
Nemelex Xobeh was noncommittal.
You visited 2 branches of the dungeon, and saw 7 of its levels.
You also visited: Sewer.

You collected 316 gold pieces.

Inventory:

Hand Weapons
 a - a +0 war axe (weapon)
Armour
 b - a +0 scale mail (worn)
 c - a +0 buckler (worn)
Jewellery
 l - the ring of Untruth {Ice Str+2}
   (You found it in a sewer)

   [ring of ice]

   It enhances your ice magic.
   Str:       It affects your strength (+2).
   rF:        It makes you vulnerable to fire.
   rC:        It protects you from cold.
 s - an amulet of magic regeneration (around neck)
Wands
 m - a wand of charming (7)
 o - a wand of flame (13)
Scrolls
 g - 2 scrolls of identify {unknown}
 i - 2 scrolls of magic mapping {unknown}
 j - 3 scrolls of enchant weapon {unknown}
 k - 2 scrolls of blinking {unknown}
 q - 3 scrolls of fear {unknown}
Potions
 d - a potion of might
 e - 4 potions of ambrosia {unknown}
 f - a potion of curing {unknown}
 h - 2 potions of brilliance {unknown}
 n - a potion of berserk rage {unknown}
 p - a potion of mutation {unknown}
 r - a potion of lignification {unknown}


   Skills:
 - Level 3.6 Fighting
 * Level 11.7 Axes
 - Level 3.2 Armour
 - Level 3.2 Shields
 + Level 3.4 Invocations


You had 7 spell levels left.
You didn't know any spells.
Your spell library contained the following spells:

 Spells                   Type           Power      Damage    Failure   Level
 Sublimation of Blood     Necr           0%         N/A       91%         2
 Ignite Poison            Fire/Tmut/Pois 0%         N/A       99%         3
 Animate Dead             Necr           0%         N/A       100%        4
 Petrify                  Tmut/Erth      0%         N/A       100%        4
 Sticky Flame             Conj/Fire      0%         2d3       100%        4
 Irradiate                Conj/Tmut      0%         3d11      100%        5
 Haunt                    Necr/Summ      0%         N/A       100%        7
 Ignition                 Fire           0%         3d3       100%        8
 Infestation              Necr           0%         N/A       100%        8


Dungeon Overview and Level Annotations

Branches:
Dungeon (6/15)             Temple (1/1) D:4           Sewer (visited)

Altars:
Cheibriados
Dithmenos
Elyvilon
Fedhas
Gozag
Hepliaklqana
Kikubaaqudgha
Makhleb
Nemelex Xobeh
Okawaru
Qazlal
Ru
Sif Muna
Trog
Uskayaw
Vehumet
Wu Jian
Xom
Yredelemnul
Zin
The Shining One


Message History

Unknown command.
You slash the black bear!
The black bear is heavily wounded.
You block the black bear's attack.
The black bear claws you but does no damage. x2
You hit the black bear.
The black bear is heavily wounded.
The black bear bites you! The black bear claws you.
The black bear claws you but does no damage.
You slash the black bear!
The black bear is severely wounded.
The black bear goes berserk!
You hit the black bear but do no damage.
The black bear is severely wounded.
You block the black bear's attack. The black bear barely misses you.
The black bear claws you. The black bear bites you. The black bear claws you.
The black bear claws you but does no damage.
You barely miss the black bear.
The black bear is severely wounded.
The black bear barely misses you.
The black bear claws you but does no damage. x2
You barely miss the black bear.
The black bear is severely wounded.
The black bear bites you!
* * * LOW HITPOINT WARNING * * *
You block the black bear's attack. The black bear claws you.
* * * LOW HITPOINT WARNING * * *
You hit the black bear but do no damage.
The black bear is severely wounded.
The black bear bites you.
* * * LOW HITPOINT WARNING * * *
The black bear claws you but does no damage.
The black bear closely misses you. The black bear bites you!
* * * LOW HITPOINT WARNING * * *
You block the black bear's attack. The black bear closely misses you.
You hit the black bear but do no damage.
The black bear is severely wounded.
The black bear bites you!
You die...
Your body disappears without a glow.

# #.# #.# #
##################.#
#.# #
#..................#
#.# #
...####<########.###
#.# ## .....##.# #.#
#.### #. ....#.#.# #.#
#...# #. ...###..# #.#
#...# #. ..## ##.# #.#
#...# #. #..###.##
#@##### ##.## #.
....#.## #)h...# #.#
#. .......# #####.#
#.# #. .......#
###########.# #.# #.
#.#..#.# #...........#
#.#####.
.###.#.###.########..#
#......# #.#......#.#
#..# #######.
##.#.###.#.# #..# ##.
#.#.# #...#
#..##########..


You could see a black bear (berserk).

Vanquished Creatures
  Sigmund (D:3)
  An ice beast (D:5)
  2 phantoms (D:5)
  2 bullfrogs (Sewer)
  A scorpion (D:5)
  A howler monkey (D:4)
  An orc priest (D:5)
  A hound (D:4)
  An iguana (D:4)
  An orc wizard (D:5)
  11 gnolls
  5 adders
  An ufetubus (D:5)
  A worm (D:4)
  A dart slug (D:4)
  4 orcs
  12 endoplasms
  12 giant cockroaches
  2 goblins (D:1)
  5 hobgoblins
  3 jackals (D:5)
  4 kobolds
  12 quokkas
  9 ball pythons
  3 bats
  9 frilled lizards
  2 rats
108 creatures vanquished.

Notes
Turn   | Place    | Note
-------+----------+-------------------------------------------
     0 | D:1      | Jase the Hill Orc Fighter began the quest for the Orb.
     0 | D:1      | Reached XP level 1. HP: 19/19 MP: 1/1
    25 | D:1      | Reached skill level 3 in Axes
    68 | D:1      | Reached XP level 2. HP: 18/26 MP: 2/2
   199 | D:1      | Reached skill level 4 in Axes
   575 | D:2      | You fall into a shaft and drop 1 floor!
   576 | D:3      | Noticed Sigmund
   590 | D:3      | Killed Sigmund
   591 | D:3      | Reached skill level 7 in Axes
   591 | D:3      | Reached XP level 3. HP: 31/31 MP: 3/3
   591 | D:3      | Reached XP level 4. HP: 39/39 MP: 4/4
   591 | D:3      | Reached XP level 5. HP: 45/45 MP: 5/5
  1524 | D:4      | Found a glowing drain.
  1546 | D:4      | Reached skill level 8 in Axes
  1546 | D:4      | Reached XP level 6. HP: 51/51 MP: 6/6
  1567 | Sewer    | Entered a sewer
  2031 | Sewer    | Reached skill level 9 in Axes
  2036 | Sewer    | Reached XP level 7. HP: 16/57 MP: 7/7
  2051 | Sewer    | Identified the ring of Untruth {Ice Str+2}
  2546 | D:4      | Reached skill level 10 in Axes
  3090 | D:4      | Found a staircase to the Ecumenical Temple.
  3096 | Temple   | Entered the Ecumenical Temple
  3270 | Temple   | Became a worshipper of Nemelex Xobeh the Trickster
  3664 | D:5      | Entered Level 5 of the Dungeon
  3717 | D:5      | Reached skill level 1 in Invocations
  3907 | D:5      | Reached skill level 11 in Axes
  4023 | D:5      | Reached XP level 8. HP: 60/64 MP: 8/10
  4598 | D:5      | Slain by a black bear

Illustrated notes

Levels and vault maps discovered:
D:1:      roderic_crossed_star, layout_rooms
D:2:      layout_loops_ring, shapermc_ecumenical_altar_pompeii, uniq_terence
D:3:      layout_basic, minmay_liquid_box, uniq_sigmund
D:4:      layout_gridville, minmay_temple_entry_hall,
          cheibrodos_sewer_entry_drain, dreamdust_gnoll_farm
D:5:      layout_loops_ring
D:6:      layout_rooms, kennysheep_small_spiral, kennysheep_another_room
Temple:   mainiacjoe_temple_starburst

Skill      XL: |  1  2  3  4  5  6  7  8 |
---------------+-------------------------+-----
Axes           | 3 7 8 9 11 | 11.7
Invocations    | 2 3 |  3.4
Fighting       | |  3.6
Armour         | |  3.2
Shields        | |  3.2

Action                     |  1- 3 |  4- 6 |  7- 9 || total
---------------------------+-------+-------+-------++-------
  Melee: War axe           |    55 |   179 |   142 ||   376
   Stab: Distracted        |       |       |     1 ||     1
 Armour: Scale mail        |    19 |    80 |    41 ||   140
  Dodge: Dodged            |    18 |    73 |    58 ||   149
  Block: Buckler           |    16 |    25 |    23 ||    64
